 Dungeon Crawl Stone Soup version 0.18.1-6-gd335043 (webtiles) character file.

65 HungrySpirit the Cutter (level 4, -1/27 HPs)
             Began as a Halfling Artificer on May 18, 2016.
             Slain by lightmor's ghost (10 damage)
             ... on level 3 of the Dungeon.
             The game lasted 00:03:11 (1639 turns).

HungrySpirit the Cutter (Halfling Artificer)        Turns: 1639, Time: 00:03:12

Health: -1/27      AC:  3    Str: 12    XL:     4   Next: 35%
Magic:  6/6        EV:  9    Int: 11    God:
Gold:   61         SH:  0    Dex: 14    Spells: 0 memorised, 3 levels left

rFire  . . .     SeeInvis .     a - +0 short sword
rCold  . . .     Gourm    .     b - +0 leather armour
rNeg   . . .     Faith    .     (shield restricted)
rPois  .         Spirit   .     (no helmet)
rElec  .         Dismiss  .     (no cloak)
rCorr  .         Reflect  .     (no gloves)
SustAt .         Harm     .     (no boots)
MR     .....                    (no amulet)
Stlth  ++........               (no ring)
                                (no ring)

@: not resistant to hostile enchantments, unstealthy
A: mutation resistance 1
a: no special abilities


You were on level 3 of the Dungeon.
You were not hungry.

You visited 1 branch of the dungeon, and saw 3 of its levels.

You collected 61 gold pieces.

Inventory:

Hand Weapons
 a - a +0 short sword (weapon)
Armour
 b - a +0 leather armour (worn)
Wands
 c - a wand of flame (4/48)
 d - a wand of enslavement (15/24)
 e - a wand of random effects (15/48)
Scrolls
 g - a scroll of teleportation {unknown}
 h - 3 scrolls of fear {unknown}
 j - a scroll of identify {unknown}
 k - a scroll of enchant weapon {unknown}
 l - a scroll of remove curse {unknown}
 m - a scroll of random uselessness {unknown}
Potions
 i - a potion of agility {unknown}
Comestibles
 f - 2 bread rations


   Skills:
 - Level 0.8 Fighting
 * Level 4.1 Short Blades
 - Level 2.1 Dodging
 - Level 1.1 Stealth
 + Level 3.7 Evocations


You had 3 spell levels left.
You didn't know any spells.

Dungeon Overview and Level Annotations

Branches:
Dungeon (3/15)

Altars:
Trog

Annotations:
D:3 lightmor's ghost, amateur MiFi


Innate Abilities, Weirdness & Mutations

You are small and have problems with some larger weapons.
You are somewhat resistant to further mutation.


Message History

The puff of flame hits lightmor's ghost.
Lightmor's ghost is lightly damaged.
This wand has 6 charges left.
Lightmor's ghost closely misses you.
Evoke which item? (* to show all) (? for menu, Esc to quit)
Zapping:
c - a wand of flame (6/48)
Press: ? - help, Shift-Dir - straight line, f/p - lightmor's ghost
Aim: lightmor's ghost (lightly damaged)
The puff of flame hits lightmor's ghost.
Lightmor's ghost is lightly damaged.
This wand has 5 charges left.
Lightmor's ghost barely misses you.
Evoke which item? (* to show all) (? for menu, Esc to quit)
Zapping:
c - a wand of flame (5/48)
Press: ? - help, Shift-Dir - straight line, f/p - lightmor's ghost
Aim: lightmor's ghost (lightly damaged)
The puff of flame hits lightmor's ghost.
Lightmor's ghost appears unharmed.
Lightmor's ghost is lightly damaged.
This wand has 4 charges left.
Lightmor's ghost hits you! Lightmor's ghost hits you!
You die...

....................
.....................
........##...........
........##...........
...........>.........
........##...........
........##...........
........####W........
.......$.....@....$..
..>.......###.g......
.....................
.#........##....!....
...###...............
... ...####.........
.. ##.## ..........
.. ##........ .#.


You could see lightmor's ghost and a hobgoblin.

Vanquished Creatures
  A gnoll (D:1)
  An ooze (D:2)
  A giant gecko (D:2)
  2 orcs
  5 bats
  A bat zombie (D:1)
  2 giant cockroaches
  4 goblins
  3 hobgoblins (D:1)
  5 jackals (D:1)
  A quokka (D:2)
  2 ball pythons
  A giant gecko zombie (D:1)
  4 giant newts
  7 kobolds
  5 rats
45 creatures vanquished.

Notes
Turn   | Place    | Note
--------------------------------------------------------------
     0 | D:1      | HungrySpirit the Halfling Artificer began the quest for the Orb.
     0 | D:1      | Reached XP level 1. HP: 12/12 MP: 3/3
    51 | D:1      | Reached skill level 2 in Short Blades
    96 | D:1      | Reached XP level 2. HP: 5/18 MP: 4/4
   426 | D:1      | Reached skill level 3 in Short Blades
   426 | D:1      | Reached XP level 3. HP: 21/22 MP: 5/5
  1174 | D:2      | Reached XP level 4. HP: 17/27 MP: 6/6
  1283 | D:2      | Reached skill level 4 in Short Blades
  1381 | D:2      | Found a bloodstained altar of Trog.
  1624 | D:3      | Noticed lightmor's ghost (amateur MiFi)
  1639 | D:3      | Slain by lightmor's ghost

Skill      XL: |  1  2  3  4 |
---------------+-------------+-----
Short Blades   | 2 3 4 |  4.1
Fighting       | |  0.8
Dodging        | |  2.1
Stealth        | |  1.1
Evocations     | |  3.7

Action                   |  1- 3 |  4- 6 || total
-------------------------+-------+-------++-------
Melee: Short sword       |   111 |    37 ||   148
Evoke: Wand              |     7 |     4 ||    11
 Stab: Sleeping          |     1 |     3 ||     4
  Eat: Chunk             |     1 |     1 ||     2
Armor: Leather armour    |    29 |    10 ||    39
Dodge: Dodged            |   102 |    28 ||   130
